 Dungeon Crawl Stone Soup version 0.29.0-13-gc9e81de378 (webtiles) character file.

Game seed: 4907309066604353744

3555 Ofeo the Digger (level 10, -9/69 HPs)
             Began as a Meteoran Earth Elementalist on Sept 10, 2022.
             Was a Follower of Ashenzari.
             Mangled by a large abomination (21 damage)
             ... on level 1 of the Abyss.
             The game lasted 00:19:05 (1871 turns).

Ofeo the Digger (Meteoran Earth Elementalist)       Turns: 1871, Time: 00:19:05

Health: -9/69      AC:  5    Str: 10    XL:     10   Next: 55%
Magic:  23/23      EV: 15    Int: 21    God:    Ashenzari [*.....]
Gold:   128        SH:  0    Dex: 15    Spells: 13/25 levels left

rFire   . . .      SeeInvis .   g - staff of earth
rCold   . . .      Faith    .   (no shield)
rNeg    . . .      Spirit   .   a - +0 robe
rPois   .          Reflect  .   (no helmet)
rElec   .          Harm     .   l - +0 cloak
rCorr   .          Rampage  .   (no gloves)
Will    +....                   d - +1 pair of boots "Shattered With Me" {Fort, Alch} (curse)
Stlth   +.........              e - amulet of Ashenzari's Insecurity {Regen+, Self, Comp} (curse)
HPRegen 1.01/turn               (no ring)
MPRegen 0.18/turn               (no ring)

@: glowing
A: sense surroundings 2, otherworldly, glowing, explore regen
a: Renounce Religion, Shatter the Chains


You were on level 1 of the Abyss.
You worshipped Ashenzari.
Ashenzari was aware of your devotion.
You visited 2 branches of the dungeon, and saw 11 of its levels.
You visited the Abyss 1 time.

You collected 128 gold pieces.

Inventory:

Armour
 a - a +0 robe (worn)
 d - the cursed +1 pair of boots "Shattered With Me" (worn) {Fort, Alch}
   (You found it on level 1 of the Dungeon)

   It has a curse which improves the following skills: Fortitude: Armour and
   Shields.
   Alchemy:   Poison Magic and Transmutations.
 l - a +0 cloak (worn)
Magical Staves
 g - a staff of earth (weapon)
Jewellery
 e - the cursed amulet of Ashenzari's Insecurity (around neck) {Regen+, Self, Comp}
   (You found it on level 3 of the Dungeon)

   [amulet of regeneration]

   Regen:     It increases your rate of health regeneration.
   It has a curse which improves the following skills: Introspection: Fighting
   and Spellcasting.
   Companions: Summonings and Necromancy.
Wands
 f - a wand of flame (21)
 p - a wand of iceblast (4) {@v4}
Scrolls
 c - 3 scrolls of enchant armour
 i - 2 scrolls of identify {@r1}
 n - 2 scrolls of fear
Potions
 b - a potion of attraction
 h - 3 potions of ambrosia
 j - a potion of degeneration
 k - a potion of lignification
 q - 4 potions of curing {@q1}
Miscellaneous
 m - a phial of floods (inert)


   Skills:
 + Level 7.5 Dodging
 + Level 4.9 Stealth
 + Level 7.3(8.2) Spellcasting
 + Level 6.6 Conjurations
 + Level 6.8(7.7) Transmutations
 + Level 7.8 Earth Magic


You had 13 spell levels left.
You knew the following spells:

 Your Spells              Type           Power      Damage    Failure   Level
a - Sandblast             Erth           100%       2d20      1%          1
b - Passwall              Tmut/Erth      48%        N/A       1%          2
c - Stone Arrow           Conj/Erth      100%       3d13      1%          3
d - Searing Ray           Conj           72%        2d7       1%          2
e - Petrify               Tmut/Erth      58%        N/A       3%          4

Your spell library contained the following spells:

 Spells                   Type           Power      Damage    Failure   Level
 Magic Dart               Conj           100%       1d8       1%          1
 Dazzling Flash           Conj/Hex       44%        N/A       6%          3
 Poisonous Vapours        Pois/Air       16%        N/A       12%         2
 Ice Form                 Ice/Tmut       24%        N/A       16%         4
 Fulminant Prism          Conj/Hex       11%        3d9       21%         4
 Iskenderun's Mystic Bla  Conj/Tloc      22%        2d6       21%         4
 Frozen Ramparts          Ice            16%        1d3       24%         3
 Summon Ice Beast         Ice/Summ       8%         N/A       58%         4
 Starburst                Conj/Fire      11%        6d5       97%         6
 Maxwell's Capacitive Co  Air            4%         ∞         100%        8
 Chain Lightning          Conj/Air       11%        3d14      100%        9


Dungeon Overview and Level Annotations

Branches:
Dungeon (10/15) Zot: 4261  Temple (1/1) D:6 Zot: 573    Lair (0/5) D:9
    Orc: D:9-12

Altars:
Ashenzari
Fedhas
Kikubaaqudgha
Nemelex Xobeh
Qazlal
Ru
Uskayaw
Xom
Yredelemnul
Zin

Shops:
D:2 *

Annotations:
D:3 3 runed translucent doors, Valamore's ghost, amateur DEIE
D:6 Pikel
D:9 Erolcha


Innate Abilities, Weirdness & Mutations

You passively map the area around you.
You are easily found by Zot.
You glow in the dark.
You regain HP and MP as you explore.


Message History

You now have 15/23 mp.
A large abomination comes into view.
Casting: Stone Arrow (safe; 1% risk of failure)
Confirm with . or Enter, or press ? or * to list all spells.
Aiming: Passwall (safe; 1% risk of failure)
Press: ? - help, Dir - move target A rock wall.
You feel a surge of power!
You begin to meditate on the wall.
You continue meditating on the rock. x2
The rust devil hits you! The rust devil corrodes you!
You finish merging with the rock.
You take 1 damage, and have 55/69 hp.
You regained 2 mp, and now have 19/23 mp.
You regained 2 hp, and now have 57/69 hp.
You regained 3 hp, and now have 61/69 hp.
You regained 2 mp, and now have 22/23 mp.
You regained 3 hp, and now have 64/69 hp.
MP restored: 23 You regained 2 hp, and now have 66/69 hp.
Health restored: 69 You are no longer corroded.
A sixfirhy comes into view.
A large abomination comes into view.
A green very ugly thing comes into view.
The large abomination attacks as you move away!
The large abomination hits you!
You hear a horrible gurgling sound!
You take 13 damage, and have 56/69 hp.
The large abomination attacks as you move away!
The large abomination hits you!!
You take 21 damage, and have 36/69 hp.
MASSIVE DAMAGE!!
The large abomination attacks as you move away!
The large abomination hits you.
You take 2 damage, and have 34/69 hp.
The sixfirhy completely misses you. The sixfirhy hits you!
The sixfirhy shocks you!
* * * LOW HITPOINT WARNING * * *
The large abomination hits you!!
You die...

,, ,* ,, * ###
* ,, * , ,, ,
... , * *
##..,* # , , #
... .# , ,, *,
, ,,, #.#..*
.# * ,*, ~ ~,
... #.# ,, ,,
, , ,, , *
*#.#.###.#* ,
,, * ,
,,###.....# #
** , ,,
#.#@##..##.#,*
, #X#u##...# ,
* ##.3...# , ,
** ,###.#.#
,** , , ,, **
* #...# .. , *
, *, #,.#...#.
* ,
,,#.#####.# .,
,, , #. , # *
, * *, ,#,
,,,* , ,


You could see a green very ugly thing, a large abomination and a sixfirhy.

Vanquished Creatures
  A two-headed ogre (D:10)
  Maurice (D:9)
  Prince Ribbit (D:9)
  3 yaks
  2 wargs (D:9)
  A sky beast (D:7)
  4 orc warriors
  3 black bears
  A small abomination (Abyss:1)
  A centaur (D:9)
  3 lemures (D:6)
  A kobold brigand (D:7)
  4 bullfrogs
  A scorpion (D:5)
  A killer bee (D:9)
  A jelly (D:7)
  5 orc priests
  2 iguanas (D:4)
  4 orc wizards
  2 adders
  3 gnolls (D:6)
  A white imp (D:5)
  3 worms (D:2)
  2 dart slugs
  11 orcs
  An endoplasm (D:1)
  A giant cockroach (D:3)
  5 goblins
  6 hobgoblins
  8 jackals
  4 quokkas
  3 ball pythons
  A frilled lizard (D:3)
  A giant cockroach zombie (D:3)
  9 kobolds
  A quokka zombie (D:3)
  A rat (D:3)
103 creatures vanquished.

Vanquished Creatures (others)
  13 plants (D:1)
13 creatures vanquished.

Grand Total: 116 creatures vanquished

Notes
Turn   | Place    | Note
-------+----------+-------------------------------------------
     0 | D:1      | Ofeo the Meteoran Earth Elementalist began the quest for
                  | the Orb.
     0 | D:1      | Reached XP level 1. HP: 14/14 MP: 5/5
    38 | D:1      | Reached XP level 2. HP: 6/20 MP: 4/6
    77 | D:1      | Learned a level 2 spell: Passwall
    80 | D:1      | Learned a level 2 spell: Searing Ray
   157 | D:2      | Found Vade's Assorted Antiques.
   161 | D:2      | Reached XP level 3. HP: 21/26 MP: 1/8
   319 | D:2      | Reached XP level 4. HP: 32/33 MP: 5/9
   347 | D:2      | Learned a level 3 spell: Stone Arrow
   527 | D:3      | Found a runed translucent gate.
   527 | D:3      | Found a runed translucent gate.
   528 | D:3      | Noticed Valamore's ghost (amateur DEIE)
   532 | D:3      | Found a runed translucent gate.
   534 | D:3      | Found a basalt altar of Yredelemnul.
   626 | D:4      | Reached XP level 5. HP: 37/38 MP: 2/11
   633 | D:4      | Noticed a black bear
   728 | D:4      | Killed a black bear
   729 | D:4      | Reached skill level 1 in Conjurations
   729 | D:4      | Reached XP level 6. HP: 36/45 MP: 4/12
   783 | D:5      | Entered Level 5 of the Dungeon
   852 | D:5      | Reached XP level 7. HP: 19/50 MP: 1/14
   854 | D:6      | Found a staircase to the Ecumenical Temple.
   876 | Temple   | Entered the Ecumenical Temple
   893 | Temple   | Became a worshipper of Ashenzari the Shackled
   910 | D:6      | You fall into a shaft and drop 1 floor!
   921 | D:6      | Noticed Pikel
   974 | D:6      | Reached skill level 5 in Earth Magic
  1090 | D:7      | Reached XP level 8. HP: 41/57 MP: 12/16
  1165 | D:7      | Reached skill level 5 in Dodging
  1165 | D:7      | Reached skill level 5 in Spellcasting
  1251 | D:9      | Noticed Maurice
  1251 | D:9      | Noticed a yak
  1251 | D:9      | Noticed a yak
  1251 | D:9      | Noticed a yak
  1256 | D:8      | Killed a yak
  1278 | D:9      | Found a staircase to the Lair.
  1292 | D:9      | Killed Maurice
  1293 | D:9      | Reached skill level 5 in Transmutations
  1293 | D:9      | Gained mutation: You passively map the area around you.
                  | [Meteoran growth]
  1293 | D:9      | Reached XP level 9. HP: 62/62 MP: 2/18
  1324 | D:10     | Entered Level 10 of the Dungeon
  1324 | D:10     | Noticed a hornet
  1391 | D:9      | Reached skill level 5 in Conjurations
  1508 | D:9      | Reached XP level 10. HP: 53/69 MP: 1/20
  1525 | D:9      | Got the Volume of the Caves and Clouds
  1545 | D:10     | Noticed a two-headed ogre
  1550 | D:10     | Killed a two-headed ogre
  1568 | D:9      | Noticed Prince Ribbit
  1582 | D:9      | Killed Prince Ribbit
  1586 | D:9      | Noticed Erolcha
  1614 | D:9      | Learned a level 4 spell: Petrify
  1670 | D:9      | Found a shimmering altar of Xom.
  1679 | Abyss:1  | Cast into level 1 of the Abyss (Erolcha)
  1729 | Abyss:1  | Noticed a black draconian knight
  1735 | Abyss:1  | Noticed a worldbinder
  1756 | Abyss:1  | Reached * piety under Ashenzari
  1815 | Abyss:1  | Noticed an efreet
  1837 | Abyss:1  | Noticed a rust devil
  1864 | Abyss:1  | Noticed a sixfirhy
  1865 | Abyss:1  | Noticed a large abomination
  1866 | Abyss:1  | Noticed a green very ugly thing
  1871 | Abyss:1  | Mangled by a large abomination

Illustrated notes

Levels and vault maps discovered:
D:1:      eino_arrival_tree_alley, layout_rooms,
          dreamdust_ecumenical_altar_sealed_demon, minmay_misc_feat_room,
          minmay_misc_feat_tower
D:2:      layout_loops_corners, serial_shops, shop, item_on_display_a
D:3:      layout_basic, nicolae_yredelemnul_ghost_church
D:4:      layout_loops_ring, chequers_temple_overflow_statue_of_worship,
          pf_guarded_unrand_delatra
D:5:      minmay_octagon_keep, layout_basic
D:6:      layout_layer_cave, minmay_temple_entry_tees, uniq_pikel
D:7:      layout_loops_ring
D:8:      minmay_the_grid_triangle_9x9_rhombus_full
          [minmay_the_grid_triangle_9x9_stretched_checkered,
          minmay_the_grid_triangle_9x9_warning,
          minmay_the_grid_triangle_9x9_corruption,
          minmay_the_grid_triangle_9x9_subtriangle,
          minmay_the_grid_triangle_9x9_negative_grid,
          minmay_the_grid_triangle_9x9_wacky_v,
          minmay_the_grid_triangle_9x9_swiss_cheese,
          minmay_the_grid_triangle_9x9_prize_special], layout_loops_ring,
          mainiacjoe_overflow_cross_hatched, hangedman_decor_peaks_small,
          uniq_gastronok, uniq_erica
D:9:      layout_roguey, mainiacjoe_overflow_alcove_2, lair_entry_dummy,
          david_orc_1_choice, uniq_erolcha, uniq_maurice, uniq_prince_ribbit1
D:10:     layout_rooms, lemuel_doored_altar, uniq_psyche
Temple:   eino_wide_crystal_templ
Abyss:1:  base: D:10, minivault_28

Skill      XL: |  1  2  3  4  5  6  7  8  9 10 |
---------------+-------------------------------+-----
Spellcasting   | 3 4 5 6 7 |  7.3
Transmutations | 2 3 5 6 |  6.8
Earth Magic    | 4 5 6 7 |  7.8
Dodging        | 3 4 5 6 7 |  7.5
Stealth        | 2 3 4 |  4.9
Conjurations   | 1 2 3 4 5 6 |  6.6

Action                   |  1- 3 |  4- 6 |  7- 9 | 10-12 || total
-------------------------+-------+-------+-------+-------++-------
Melee: Unarmed           |     2 |       |       |       ||     2
       Staff             |       |    14 |       |       ||    14
 Cast: Sandblast         |    41 |    46 |    61 |    16 ||   164
       Passwall          |       |     1 |     3 |     3 ||     7
       Searing Ray       |       |     3 |     1 |       ||     4
       Stone Arrow       |       |     3 |    20 |    11 ||    34
Invok: Curse Item        |       |       |     1 |     1 ||     2
Evoke: Wand              |       |       |       |     1 ||     1
       Phial of floods   |       |       |       |     1 ||     1
  Use: Potion            |     1 |     3 |       |       ||     4
       Scroll            |       |     6 |     5 |     1 ||    12
Armor: Robe              |    13 |    11 |    10 |     1 ||    35
Dodge: Dodged            |    27 |    36 |    30 |    14 ||   107
